 Dungeon Crawl Stone Soup version 0.31.0-1-g2c135a008e (webtiles) character file.

Game seed: 13554169676917493656

72 qw the Shooter (level 4, -3/35 HPs)
             Began as a Djinni Hunter on Jan 23, 2024.
             Slain by Grinder (6 damage)
             ... on level 3 of the Dungeon.
             The game lasted 00:00:04 (1369 turns).

qw the Shooter (Djinni Hunter)                      Turns: 1369, Time: 00:00:04

Health: -3/35      AC:  3    Str: 10    XL:     4   Next: 48%
Gold:   142        EV: 12    Int: 10    God:
                   SH:  0    Dex: 19

rFire   + + .        a - +0 shortbow (freeze)
rCold   x . .        (shield currently unavailable)
rNeg    . . .        c - +0 leather armour
rPois   inf          (no helmet)
rElec   .            (no cloak)
rCorr   .            (no gloves)
SInv    .            (boots unavailable)
Will    .....        b - amulet of faith
Stlth   ++           (no ring)
HPRegen 0.25/turn    (no ring)
MPRegen 0.00/turn

%: faith, infuse magic (-4 HP)
@: flying
A: sickness immunity, fire resistance 2, cold vulnerability 1, float, innate
caster, HP casting, extra vitality 1
a: no special abilities


You were on level 3 of the Dungeon.
You visited 1 branch of the dungeon, and saw 3 of its levels.

You collected 142 gold pieces.


Innate Abilities, Weirdness & Mutations

You are immune to sickness and miasma.
You are immune to poison.
Your flesh is very heat resistant. (rF++)
You are vulnerable to cold. (rC-)
You float through the air rather than walking.
You learn spells naturally, not from books.
Your magical power is your life essence.
You have superior vitality. (+4 MHP)


   Skills:
 - Level 3.2 Fighting
 - Level 4.0 Ranged Weapons
 + Level 2.5 Dodging
 - Level 0.7 Stealth


You knew the following spells:

 Your Spells              Type           Power      Damage    Failure   Level
a - Apportation           Tloc           0%         N/A       45%         1
Your spell library was empty.

Inventory:

Hand Weapons
 a - a +0 shortbow of freezing (weapon)
Armour
 c - a +0 leather armour (worn)
Jewellery
 b - an amulet of faith (around neck)
Potions
 d - a potion of magic {unknown}

Dungeon Overview and Level Annotations

Branches:
Dungeon (3/15)

Altars:

Annotations:
D:3 Grinder


Message History

Grinder misses you. The adder bites you but does no damage. Grinder hits you.
You writhe in agony.
The adder bites you.
You shoot an arrow. The arrow hits Grinder.
Grinder is lightly wounded.
The adder barely misses you. Grinder gestures at you.
Pain shoots through your body!
You shoot an arrow.
The arrow hits Grinder but does no damage.
Grinder is lightly wounded.
The adder bites you. Grinder gestures at you. Pain shoots through your body!
The adder barely misses you.
You shoot an arrow. The arrow hits Grinder.
Grinder is moderately wounded.
Grinder blinks!
The adder barely misses you.
You shoot an arrow. The arrow hits the adder.
The adder seems to slow down.
The arrow freezes the adder.
The adder is heavily wounded.
The adder is no longer moving slowly.
The adder misses you. The adder bites you.
You shoot an arrow.
The arrow hits the adder but does no damage.
The adder is heavily wounded.
The adder misses you.
You shoot an arrow. The arrow hits the adder!
The adder seems to slow down.
The arrow freezes the adder.
You kill the adder!
You start resting.
Grinder is nearby!
You shoot an arrow. The arrow closely misses Grinder.
You start resting.
Grinder is nearby!
You shoot an arrow. The arrow closely misses Grinder.
You shoot an arrow. The arrow barely misses Grinder.
Grinder hits you.
You shoot an arrow. The arrow barely misses Grinder.
Grinder says, "DUCK!"
Grinder hits you.
You die...
Grinder sighs, "Dead already?
I want a refund."

#............#
##..........#
##..)......# #
#...#######.#
###...# .#####
###.## #.....#
#..# ......#
##.###......#
#...@5.....#
##..##.....#
#>.# ....#
#.## ...# #.#
..# ..# .#
#### #


You could see Grinder.

Vanquished Creatures
  Jessica (D:3)
  An adder (D:3)
  A dart slug (D:1)
  A ribbon worm (D:2)
  3 bats
  2 endoplasms (D:2)
  A giant cockroach (D:1)
  A hobgoblin (D:1)
  2 jackals (D:2)
  A quokka (D:1)
  2 ball pythons (D:1)
  A frilled lizard (D:1)
  6 goblins
  5 kobolds
  3 rats
31 creatures vanquished.

Notes
Turn   | Place    | Note
-------+----------+-------------------------------------------
     0 | D:1      | qw the Djinni Hunter began the quest for the Orb.
     0 | D:1      | Reached XP level 1. HP: 18/18 MP: 0/0
     0 | D:1      | 0 ||| qw: Version: 0.3-a-135-gb77e89d
     0 | D:1      | 0 ||| qw: Game counter: 921
     0 | D:1      | 0 ||| qw: Melee chars always use a shield: true
     0 | D:1      | 0 ||| qw: God list: Okawaru
     0 | D:1      | 0 ||| qw: Allow faded altars: false
     0 | D:1      | 0 ||| qw: Do Orc after clearing Dungeon:15 true
     0 | D:1      | 0 ||| qw: Do second Lair branch before Depths: true
     0 | D:1      | 0 ||| qw: Lair rune preference: random
     0 | D:1      | 0 ||| qw: Goals: Normal
     0 | D:1      | 0 ||| PLANNING D:1-11
   333 | D:1      | Reached XP level 2. HP: 23/23 MP: 0/0
   864 | D:1      | 864 ||| READING scroll labelled OSHOORPHAELU.
   865 | D:1      | 865 ||| READING scroll labelled UTUNIE LARRUZU.
   865 | D:1      | 865 ||| BRANDING +0 shortbow.
   866 | D:1      | 866 ||| DROPPING scroll of butterflies.
  1024 | D:2      | Reached XP level 3. HP: 28/28 MP: 0/0
  1024 | D:2      | Learned a level 1 spell: Apportation
  1030 | D:2      | Reached skill level 4 in Ranged Weapons
  1245 | D:2      | 1245 ||| UPGRADING to amulet of faith.
  1250 | D:2      | 1250 ||| READING scroll labelled TAEDGHOYTHRA.
  1254 | D:2      | 1254 ||| READING scroll labelled HOSHEINIYRR.
  1291 | D:3      | Noticed Jessica
  1296 | D:3      | Killed Jessica
  1297 | D:3      | Reached skill level 3 in Fighting
  1297 | D:3      | Reached XP level 4. HP: 30/35 MP: 0/0
  1351 | D:3      | Noticed Grinder
  1358 | D:3      | HP: 1/35 [Grinder/nerve-wracking pain (8)]
  1368 | D:3      | HP: 2/35 [Grinder (1)]
  1369 | D:3      | Slain by Grinder

Levels and vault maps discovered:
D:1:      sevenhm_arrival_forest_fort_small_6, layout_loops_corners
D:2:      layout_rooms, basic_altar
D:3:      layout_basic, uniq_grinder, uniq_jessica, uniq_natasha

Skill      XL: |  1  2  3 |
---------------+----------+-----
Ranged Weapons | 4 |  4.0
Fighting       | 3 |  3.2
Dodging        | |  2.5
Stealth        | |  0.7

Action                     |  1- 3 |  4- 6 || total
---------------------------+-------+-------++-------
   Fire: Shortbow          |    70 |    18 ||    88
    Use: Scroll            |     4 |       ||     4
 Armour: Leather armour    |    13 |     9 ||    22
  Dodge: Dodged            |    18 |     8 ||    26

Table legend:
 A = Non-vault XP
 B = Vault XP
 C = Vault XP percentage of total XP
 D = Non-vault monster count
 E = Vault monster count
 F = Vault count percentage of total count
                 A         B        C        D         E       F
            +---------+---------+-------+---------+---------+-------
      Total |      66 |      37 |  35.9 |      30 |       1 |   3.2
            +---------+---------+-------+---------+---------+-------
        D:1 |      22 |       0 |   0.0 |      12 |       0 |   0.0
        D:2 |      28 |       0 |   0.0 |      15 |       0 |   0.0
        D:3 |      16 |      37 |  69.8 |       3 |       1 |  25.0
            +---------+---------+-------+---------+---------+-------
